 Dungeon Crawl Stone Soup version 0.28.0-45-g0d030f2227 (webtiles) character file.

Game seed: 7198906103736345286

1081 Ablot the Cutter (level 8, -17/60 HPs)
             Began as a Gnoll Chaos Knight on Apr 17, 2022.
             Was a Plaything of Xom.
             Demolished by a two-headed ogre
             ... wielding a +0 giant club
              (26 damage)
             ... on level 5 of the Dungeon.
             The game lasted 00:07:31 (5082 turns).

Ablot the Cutter (Gnoll Chaos Knight)               Turns: 5082, Time: 00:07:31

Health: -17/60     AC:  8    Str: 12 (13) XL:     8   Next: 29%
Magic:  14/14      EV: 13    Int: 11      God:    Xom [.*....]
Gold:   209        SH:  0    Dex: 13      Spells: 13/13 levels left

rFire   . . .      SeeInvis .   a - +0 short sword (chaos)
rCold   . . .      Faith    .   (no shield)
rNeg    . . .      Spirit   .   C - +2 robe {Will+}
rPois   .          Reflect  .   (helmet restricted)
rElec   .          Harm     .   (no cloak)
rCorr   .          Rampage  .   u - +0 pair of gloves
Will    +....                   j - +2 pair of boots
Stlth   ++........              (no amulet)
HPRegen 0.20/turn               B - ring of flight
MPRegen 0.14/turn               (no ring)

@: flying
A: fangs 1, strong nose, distributed training, horns 1, talons 1, agile 1,
deformed body, deterioration 1, frail 1, high MP 1, weak 1
a: Renounce Religion


You were on level 5 of the Dungeon.
You worshipped Xom.
You were a plaything of Xom.
You visited 1 branch of the dungeon, and saw 5 of its levels.

You collected 209 gold pieces.

Inventory:

Hand Weapons
 a - a +0 short sword of chaos (weapon)
Missiles
 c - 159 stones
 f - 19 sling bullets
 g - 7 poisoned darts (quivered)
 w - 39 bolts
 A - 2 javelins
Armour
 j - a +2 pair of boots (worn)
 u - a +0 pair of gloves (worn)
 C - a +2 robe of willpower (worn)
Magical Staves
 r - a staff of cold
Jewellery
 B - a ring of flight (left hand)
Wands
 s - a wand of iceblast (12)
Scrolls
 d - a scroll of enchant armour {unknown}
 k - 2 scrolls of magic mapping {unknown}
 l - a scroll of amnesia {unknown}
 m - 4 scrolls of identify {unknown}
 o - 3 scrolls of fear {unknown}
 t - 3 scrolls of teleportation {unknown}
 y - a scroll of vulnerability {unknown}
Potions
 e - a potion of magic {unknown}
 h - a potion of lignification {unknown}
 i - a potion of heal wounds
 n - 2 potions of curing
 p - 2 potions of degeneration {unknown}
 q - a potion of invisibility {unknown}
 v - 3 potions of might {unknown}
 x - a potion of cancellation {unknown}
 z - a potion of flight {unknown}


   Skills:
 + Level 7.3 Fighting
 + Level 7.3 Short Blades
 + Level 3.1 Long Blades
 + Level 3.1 Axes
 + Level 3.1 Maces & Flails
 + Level 3.1 Polearms
 + Level 3.1 Staves
 + Level 3.1 Slings
 + Level 3.1 Bows
 + Level 3.1 Crossbows
 + Level 3.1 Throwing
 + Level 5.6 Armour
 + Level 4.1 Dodging
 + Level 3.1 Stealth
 + Level 3.1 Shields
 + Level 3.1 Unarmed Combat
 + Level 3.1 Spellcasting
 + Level 2.5 Conjurations
 + Level 2.5 Hexes
 + Level 2.5 Summonings
 + Level 2.5 Necromancy
 + Level 2.5 Translocations
 + Level 2.5 Transmutations
 + Level 2.5 Fire Magic
 + Level 2.5 Ice Magic
 + Level 2.5 Air Magic
 + Level 2.5 Earth Magic
 + Level 2.5 Poison Magic
 + Level 3.4 Invocations
 + Level 3.1 Evocations


You had 13 spell levels left.
You didn't know any spells.
Your spell library contained the following spells:

 Spells                   Type           Power      Damage    Failure   Level
 Summon Small Mammal      Summ           28%        N/A       9%          1
 Call Canine Familiar     Summ           7%         N/A       26%         3
 Ignite Poison            Fire/Tmut/Pois 7%         N/A       26%         3
 Mephitic Cloud           Conj/Pois/Air  7%         N/A       26%         3
 Summon Guardian Golem    Hex/Summ       7%         N/A       26%         3
 Freezing Cloud           Conj/Ice/Air   3%         6-21      94%         5


Dungeon Overview and Level Annotations

Branches:
Dungeon (5/15)
 Temple: D:4-7

Altars:
Elyvilon
Gozag
Nemelex Xobeh
Qazlal
Wu Jian

Shops:
D:1 ?


Innate Abilities, Weirdness & Mutations

You have very sharp teeth.
Your uncanny sense of smell can sniff out nearby items.
Your experience applies equally to all skills.
You have a pair of small horns on your head.
You have sharp toenails.
You are agile. (Dex +2)
Armour fits poorly on your strangely shaped body.
Your body sometimes deteriorates upon taking damage.
You are frail. (-10% HP)
You have an increased reservoir of magic. (+10% MP)
You are weak. (Str -2)


Message History

C - a +2 robe of willpower You start removing your armour.
You continue taking off your +2 leather armour. x4
You finish taking off your +2 leather armour.
You start putting on your armour.
You continue putting on your +2 robe of willpower. x5
You finish putting on your +2 robe of willpower.
You feel strong-willed.
You drop a +2 leather armour.
There is a stone staircase leading down here.
A scorpion zombie is nearby!
You reach down and open the door.
Nemelex Xobeh says, "Care to risk it all for some fabulous prizes, mortal?" "Beware!
This is a limited time offer!"
The two-headed ogre shouts in stereo!
Found a twisted smoking staff.
Found a sparkling altar of Nemelex Xobeh.
Found a transporter.
Found a twisted smoking staff and 10 gold pieces.
The two-headed ogre shouts in stereo!
There is an open door here.
Found 22 stones.
There is a sparkling altar of Nemelex Xobeh here.
There is a transporter here.
Okay, then.
There is a sparkling altar of Nemelex Xobeh here.
You don't know any spells.
Okay, then.
There is a transporter here.
Nemelex Xobeh says, "You lose!"
A transporter appears.
You enter the transporter and appear at another place.
The two-headed ogre hits you with a +0 giant club!! x2
There is a transporter here.
You enter the transporter and appear at another place.
The two-headed ogre hits you with a +0 giant club!
* * * LOW HITPOINT WARNING * * *
The two-headed ogre hits you with a +0 giant club!!
You die...
Xom laughs nastily!

#.###▓▓▓▓▓▓▓#...## #..#
##.## ▓⌠...⌠▓###.####...
##...##▓.....▓###........
#...>.#▓©...§▓#..........
#.....#▓.....▓########.##
#.....#▓⌠...⌠▓#........#
##...##▓▓▓▓▓▓▓#.########
##### #§O....#.#
#@_....'.# #§O....###
▓▓▓▓▓▓▓# ▓⌠...⌠▓ ▓.|.|.▓
▓..8$.▓ ▓...(.▓ ▓⌠...⌠▓
▓▓▓▓▓▓▓


You could see 2 two-headed ogres.

Vanquished Creatures
  A black mamba (D:4)
  2 ogres (D:4)
  A bullfrog (D:5)
  A scorpion (D:5)
  A water moccasin skeleton (D:4)
  A water moccasin zombie (D:5)
  A bullfrog zombie (D:5)
  2 jellies (D:5)
  An iguana (D:4)
  A scorpion zombie (D:5)
  Ijyb (D:3)
  Terence (D:3)
  2 hound skeletons
  4 adders
  A river rat (D:3)
  An ufetubus (D:2)
  A worm (D:3)
  A dart slug (D:1)
  4 orcs
  6 bats
  3 endoplasms
  2 giant cockroaches (D:1)
  9 goblins
  3 hobgoblins
  2 jackals (D:5)
  2 quokkas
  10 ball pythons
  2 frilled lizards
  7 kobolds
  8 rats
82 creatures vanquished.

Vanquished Creatures (others)
  3 fungi (D:2)
  A plant (D:2)
4 creatures vanquished.

Grand Total: 86 creatures vanquished

Notes
Turn   | Place    | Note
-------+----------+-------------------------------------------
     0 | D:1      | Ablot the Gnoll Chaos Knight began the quest for the Orb.
     0 | D:1      | Reached XP level 1. HP: 23/23 MP: 1/1
    80 | D:1      | XOM: silly message
    99 | D:1      | XOM: silly message
   284 | D:1      | XOM: silly message
   311 | D:1      | Found Neimef's Magic Scroll Shoppe.
   338 | D:1      | Reached XP level 2. HP: 28/29 MP: 2/2
   351 | D:1      | XOM: silly message
   530 | D:1      | XOM: divination: detect creatures
   680 | D:1      | XOM: silly message
  1005 | D:2      | XOM: noise
  1127 | D:2      | XOM: potion effect (curing)
  1134 | D:2      | Reached XP level 3. HP: 19/35 MP: 2/4
  1135 | D:2      | Found a faded altar of an unknown god.
  1152 | D:2      | Reached skill level 1 in Invocations
  1160 | D:2      | XOM: silly message
  1321 | D:2      | You fall into a shaft and drop 1 floor!
  1473 | D:3      | Found an opulent altar of Gozag.
  1577 | D:2      | XOM: silly message
  1720 | D:2      | Reached skill level 1 in Long Blades
  1720 | D:2      | Reached skill level 1 in Axes
  1720 | D:2      | Reached skill level 1 in Maces & Flails
  1720 | D:2      | Reached skill level 1 in Polearms
  1720 | D:2      | Reached skill level 1 in Staves
  1720 | D:2      | Reached skill level 1 in Slings
  1720 | D:2      | Reached skill level 1 in Bows
  1720 | D:2      | Reached skill level 1 in Crossbows
  1720 | D:2      | Reached skill level 1 in Throwing
  1720 | D:2      | Reached skill level 1 in Stealth
  1720 | D:2      | Reached skill level 1 in Shields
  1720 | D:2      | Reached skill level 1 in Unarmed Combat
  1720 | D:2      | Reached skill level 1 in Spellcasting
  1720 | D:2      | Reached skill level 1 in Evocations
  1980 | D:2      | Reached XP level 4. HP: 41/41 MP: 5/5
  2038 | D:2      | XOM: give mutations
  2038 | D:2      | Gained mutation: You are weak. (Str -2) [Xom's mischief]
  2038 | D:2      | Gained mutation: You are frail. (-10% HP) [Xom's mischief]
  2038 | D:2      | Gained mutation: Armour fits poorly on your strangely
                  | shaped body. [Xom's mischief]
  2098 | D:3      | Noticed Terence
  2109 | D:3      | Killed Terence
  2174 | D:3      | Reached skill level 1 in Conjurations
  2174 | D:3      | Reached skill level 1 in Hexes
  2174 | D:3      | Reached skill level 1 in Summonings
  2174 | D:3      | Reached skill level 1 in Necromancy
  2174 | D:3      | Reached skill level 1 in Translocations
  2174 | D:3      | Reached skill level 1 in Transmutations
  2174 | D:3      | Reached skill level 1 in Fire Magic
  2174 | D:3      | Reached skill level 1 in Ice Magic
  2174 | D:3      | Reached skill level 1 in Air Magic
  2174 | D:3      | Reached skill level 1 in Earth Magic
  2174 | D:3      | Reached skill level 1 in Poison Magic
  2204 | D:3      | XOM: summons 3 hostile shadow creatures
  2341 | D:3      | Found a stormy altar of Qazlal.
  2436 | D:3      | XOM: polymorph orc -> river rat
  2502 | D:3      | Reached XP level 5. HP: 42/42 MP: 5/7
  2607 | D:3      | XOM: noise
  2615 | D:3      | XOM: swap monsters
  2771 | D:3      | Noticed Ijyb
  2783 | D:3      | Killed Ijyb
  2944 | D:3      | Found an ornate altar of the Wu Jian Council.
  2950 | D:3      | XOM: give mutations
  2950 | D:3      | Gained mutation: You have an increased reservoir of magic.
                  | (+10% MP) [Xom's grace]
  2950 | D:3      | Gained mutation: You have sharp toenails. [Xom's grace]
  2950 | D:3      | Gained mutation: You have a pair of small horns on your
                  | head. [Xom's grace]
  2999 | D:3      | XOM: give mutations
  2999 | D:3      | Lost mutation: You are frail. (-10% HP) [Xom's mischief]
  2999 | D:3      | Gained mutation: You are frail. (-10% HP) [Xom's mischief]
  2999 | D:3      | Gained mutation: Your body sometimes deteriorates upon
                  | taking damage. [Xom's mischief]
  2999 | D:3      | Gained mutation: You are agile. (Dex +2) [Xom's mischief]
  3108 | D:4      | Noticed Pikel
  3108 | D:4      | Noticed a lemure
  3108 | D:4      | Noticed a lemure
  3108 | D:4      | Noticed Pikel
  3108 | D:4      | Pikel changed into Pikel the black mamba
  3108 | D:4      | XOM: polymorph Pikel -> Pikel the black mamba
  3108 | D:4      | Noticed a lemure
  3120 | D:4      | XOM: draining
  3123 | D:4      | XOM: summons 2 hostile shadow creatures
  3253 | D:4      | XOM: 1-stop teleportation journey
  3289 | D:4      | Noticed a lemure
  3300 | D:4      | XOM: enchant monster (bad)
  3305 | D:4      | XOM: potion effect (might)
  3327 | D:4      | XOM: fake destruction
  3359 | D:4      | Killed Pikel the black mamba
  3360 | D:4      | Reached skill level 5 in Armour
  3360 | D:4      | Reached XP level 6. HP: 15/49 MP: 8/10
  3360 | D:4      | Reached XP level 7. HP: 17/54 MP: 8/11
  3766 | D:4      | XOM: 2-stop teleportation journey
  3767 | D:4      | XOM: summons friendly crimson imp
  4337 | D:5      | Entered Level 5 of the Dungeon
  4510 | D:5      | Reached XP level 8. HP: 60/60 MP: 13/13
  4547 | D:5      | Found a white marble altar of Elyvilon.
  4640 | D:5      | XOM: polymorph sky beast -> bullfrog
  4864 | D:5      | XOM: 1-stop teleportation journey
  5063 | D:5      | Found a sparkling altar of Nemelex Xobeh.
  5063 | D:5      | Found a transporter.
  5063 | D:5      | Noticed a two-headed ogre
  5064 | D:5      | Noticed a two-headed ogre
  5082 | D:5      | Demolished by a two-headed ogre

Illustrated notes

Levels and vault maps discovered:
D:1:      dpeg_arrival_snail, layout_loops_ring, serial_shops,
          nicolae_shop_statue_plus
D:2:      layout_basic, shapermc_ecumenical_altar_acropolis,
          minmay_increasing_density
D:3:      layout_loops_ring, nicolae_qazlal_scattered_showers,
          nzn_wu_jian_council_hall,
          nicolae_gozag_cash_rules_everything_around_me, minmay_liquid_box,
          uniq_ijyb, uniq_terence
D:4:      layout_cave_pods, serial_park_tiny_pond, uniq_pikel
D:5:      layout_loops_ring, grunt_nemelex_the_gamble, elyvilon_altar_3,
          minivault_5

Skill      XL: |  1  2  3  4  5  6  7  8 |
---------------+-------------------------+-----
Invocations    | 1 2 3 |  3.4
Long Blades    | 1 2 3 |  3.1
Axes           | 1 2 3 |  3.1
Maces & Flails | 1 2 3 |  3.1
Polearms       | 1 2 3 |  3.1
Staves         | 1 2 3 |  3.1
Slings         | 1 2 3 |  3.1
Bows           | 1 2 3 |  3.1
Crossbows      | 1 2 3 |  3.1
Throwing       | 1 2 3 |  3.1
Stealth        | 1 2 3 |  3.1
Shields        | 1 2 3 |  3.1
Unarmed Combat | 1 2 3 |  3.1
Spellcasting   | 1 2 3 |  3.1
Evocations     | 1 2 3 |  3.1
Conjurations   | 1 2 |  2.5
Hexes          | 1 2 |  2.5
Summonings     | 1 2 |  2.5
Necromancy     | 1 2 |  2.5
Translocations | 1 2 |  2.5
Transmutations | 1 2 |  2.5
Fire Magic     | 1 2 |  2.5
Ice Magic      | 1 2 |  2.5
Air Magic      | 1 2 |  2.5
Earth Magic    | 1 2 |  2.5
Poison Magic   | 1 2 |  2.5
Dodging        | 3 4 |  4.1
Fighting       | 7 |  7.3
Short Blades   | 7 |  7.3
Armour         | 5 |  5.6

Action                   |  1- 3 |  4- 6 |  7- 9 || total
-------------------------+-------+-------+-------++-------
Melee: Short sword       |   120 |   101 |   100 ||   321
       Bite              |    11 |    14 |    13 ||    38
       Punch             |       |     3 |     7 ||    10
       Headbutt          |       |     5 |    23 ||    28
  Use: Potion            |     1 |     1 |       ||     2
 Stab: Sleeping          |       |     1 |     4 ||     5
Armor: Leather armour    |    82 |    28 |    25 ||   135
Dodge: Dodged            |    78 |    50 |    47 ||   175
